 Dungeon Crawl Stone Soup version 0.25-a0-513-ge77a69270c (webtiles) character file.

Game seed: 6553755441563399008, levelgen mode: deterministic

228 MisterFreud the Shield-Bearer (level 6, -7/53 HPs)
             Began as a Gnoll Fighter on Feb 16, 2020.
             Mangled by Edmund
             ... wielding a +5 vorpal dire flail
              (13 damage)
             ... on level 4 of the Dungeon.
             The game lasted 00:03:30 (2407 turns).

MisterFreud the Shield-Bearer (Gnoll Fighter)       Turns: 2407, Time: 00:03:31

Health: -7/53      AC: 10    Str: 23    XL:     6   Next: 2%
Magic:  8/8        EV:  9    Int: 13    God:
Gold:   109        SH: 11    Dex: 14    Spells: 8/8 levels left

rFire    + . .     SeeInvis .   a - +0 rapier
rCold    . . .     Gourm    .   c - +0 kite shield
rNeg     . . .     Faith    .   b - +0 scale mail
rPois    .         Spirit   .   (no helmet)
rElec    .         Reflect  .   E - +0 cloak
rCorr    +         Harm     .   t - +0 pair of gloves
MR       .....                  (no boots)
Stlth    +.........             (no amulet)
HPRegen  0.17/turn              o - ring of resist corrosion
MPRegen  0.11/turn              F - ring of protection from fire

@: mighty
A: distributed training, fangs 1, strong nose
a: no special abilities


You were on level 4 of the Dungeon.
You were hungry.

You visited 1 branch of the dungeon, and saw 4 of its levels.

You collected 109 gold pieces.

Inventory:

Hand Weapons
 a - a +0 rapier (weapon)
Missiles
 g - 16 poisoned darts
 i - 28 bolts
 m - 59 stones (quivered)
 n - 25 sling bullets
 s - 44 arrows
 D - 5 boomerangs
Armour
 b - a +0 scale mail (worn)
 c - a +0 kite shield (worn)
 t - a +0 pair of gloves (worn)
 B - a +2 buckler
 E - a +0 cloak (worn)
Jewellery
 o - a ring of resist corrosion (left hand)
 F - a ring of protection from fire (right hand)
Scrolls
 e - 2 scrolls of noise {unknown}
 k - 4 scrolls of teleportation {unknown}
 l - a scroll of enchant weapon {unknown}
 p - 3 scrolls of identify
 q - a scroll of blinking {unknown}
 r - a scroll of immolation {unknown}
 y - 2 scrolls of magic mapping {unknown}
 A - 2 scrolls of remove curse {unknown}
 C - a scroll of amnesia {unknown}
Potions
 h - a potion of degeneration
 j - 3 potions of mutation
 u - 2 potions of flight {unknown}
 v - a potion of haste {unknown}
 w - 2 potions of lignification {unknown}
 x - a potion of heal wounds {unknown}
 z - 2 potions of curing {unknown}
Comestibles
 f - 12 rations


   Skills:
 + Level 6.7 Fighting
 + Level 4.9 Short Blades
 + Level 1.7 Long Blades
 + Level 1.7 Axes
 + Level 1.7 Maces & Flails
 + Level 1.7 Polearms
 + Level 1.7 Staves
 + Level 1.7 Slings
 + Level 1.7 Bows
 + Level 1.7 Crossbows
 + Level 1.7 Throwing
 + Level 6.7 Armour
 + Level 1.7 Dodging
 + Level 1.7 Stealth
 + Level 6.7 Shields
 + Level 1.7 Unarmed Combat
 + Level 1.7 Spellcasting
 + Level 1.3 Conjurations
 + Level 1.3 Hexes
 + Level 1.3 Charms
 + Level 1.3 Summonings
 + Level 1.3 Necromancy
 + Level 1.3 Translocations
 + Level 1.3 Transmutations
 + Level 1.3 Fire Magic
 + Level 1.3 Ice Magic
 + Level 1.3 Air Magic
 + Level 1.3 Earth Magic
 + Level 1.3 Poison Magic
 + Level 1.9 Invocations
 + Level 1.7 Evocations


You had 8 spell levels left.
You didn't know any spells.
Your spell library was empty.

Dungeon Overview and Level Annotations

Branches:
Dungeon (4/15)
 Temple: D:4-7

Altars:

Annotations:
D:4 Edmund


Innate Abilities, Weirdness & Mutations

Your experience applies equally to all skills.
You have very sharp teeth.
Your uncanny sense of smell can sniff out nearby items.


Message History

You hit Edmund.
Edmund is moderately wounded.
You block Edmund's attack.
Edmund hits you with a +5 vorpal dire flail!
* * * LOW HITPOINT WARNING * * *
You puncture Edmund!
Edmund is heavily wounded.
Edmund hits you but does no damage.
You barely miss Edmund.
Edmund is heavily wounded.
You block Edmund's attack.
You closely miss Edmund. Your bite misses Edmund.
Edmund is heavily wounded.
Edmund hits you with a +5 vorpal dire flail!
* * * LOW HITPOINT WARNING * * *
x2 Edmund hits you but does no damage.
You hear a shout! x2
You block Edmund's attack.
Edmund hits you with a +5 vorpal dire flail!
You die...

.................. #
#..>@........... #
#.###........... ####
#........... #...
######.###+## #.## #
#...##.###.######.##
#.##.#.##.#.#.#.#.#.#.#
#....#.##.##.#.#.#.#.#.
#.....@@..#.#.#.#.#.#.#
.....#.######.#.#.#.#.#.
... #.# #.#.#.#.#.#.# .∆
#.######.#.#.#.#.#.
#.......#.#.#.#.#.#
########.#.#.#.#.#.
.#.#.#.#.#.#
##.#.#.#.#.#.
#.#.#.#.#.#.#


You could see Edmund (berserk).

Vanquished Creatures
  A bullfrog (D:3)
  An iguana (D:3)
  9 adders
  An ooze (D:1)
  3 worms
  2 dart slugs (D:3)
  2 leopard geckos
  2 ball pythons
  4 giant cockroaches
  4 goblins
  4 hobgoblins
  A quokka (D:3)
  6 bats
  5 kobolds
  4 rats
49 creatures vanquished.

Notes
Turn   | Place    | Note
-------+----------+-------------------------------------------
     0 | D:1      | MisterFreud the Gnoll Fighter began the quest for the Orb.
     0 | D:1      | Reached XP level 1. HP: 23/23 MP: 1/1
   150 | D:1      | Reached XP level 2. HP: 29/29 MP: 2/2
   650 | D:2      | Reached XP level 3. HP: 33/35 MP: 3/3
  1164 | D:2      | Reached skill level 1 in Invocations
  1397 | D:3      | Reached skill level 1 in Long Blades
  1397 | D:3      | Reached skill level 1 in Axes
  1397 | D:3      | Reached skill level 1 in Maces & Flails
  1397 | D:3      | Reached skill level 1 in Polearms
  1397 | D:3      | Reached skill level 1 in Staves
  1397 | D:3      | Reached skill level 1 in Slings
  1397 | D:3      | Reached skill level 1 in Bows
  1397 | D:3      | Reached skill level 1 in Crossbows
  1397 | D:3      | Reached skill level 1 in Throwing
  1397 | D:3      | Reached skill level 1 in Dodging
  1397 | D:3      | Reached skill level 1 in Stealth
  1397 | D:3      | Reached skill level 1 in Unarmed Combat
  1397 | D:3      | Reached skill level 1 in Spellcasting
  1397 | D:3      | Reached skill level 1 in Evocations
  1397 | D:3      | Reached XP level 4. HP: 32/41 MP: 5/5
  1476 | D:3      | Noticed a bullfrog
  1483 | D:3      | Killed a bullfrog
  1483 | D:3      | Reached skill level 1 in Conjurations
  1483 | D:3      | Reached skill level 1 in Hexes
  1483 | D:3      | Reached skill level 1 in Charms
  1483 | D:3      | Reached skill level 1 in Summonings
  1483 | D:3      | Reached skill level 1 in Necromancy
  1483 | D:3      | Reached skill level 1 in Translocations
  1483 | D:3      | Reached skill level 1 in Transmutations
  1483 | D:3      | Reached skill level 1 in Fire Magic
  1483 | D:3      | Reached skill level 1 in Ice Magic
  1483 | D:3      | Reached skill level 1 in Air Magic
  1483 | D:3      | Reached skill level 1 in Earth Magic
  1483 | D:3      | Reached skill level 1 in Poison Magic
  1483 | D:3      | Reached XP level 5. HP: 47/47 MP: 5/7
  2162 | D:4      | Reached XP level 6. HP: 51/53 MP: 8/8
  2386 | D:4      | Noticed Edmund
  2407 | D:4      | Mangled by Edmund

Levels and vault maps discovered:
D:1:      minmay_arrival_plants_in_alcoves, layout_rooms, corner_web_ring
D:2:      layout_loops_ring, first_ration
D:3:      layout_rooms
D:4:      layout_basic, minmay_rat_hole, uniq_edmund

Skill      XL: |  1  2  3  4 |
---------------+-------------+-----
Invocations    | 1 |  1.9
Long Blades    | 1 |  1.7
Axes           | 1 |  1.7
Maces & Flails | 1 |  1.7
Polearms       | 1 |  1.7
Staves         | 1 |  1.7
Slings         | 1 |  1.7
Bows           | 1 |  1.7
Crossbows      | 1 |  1.7
Throwing       | 1 |  1.7
Dodging        | 1 |  1.7
Stealth        | 1 |  1.7
Unarmed Combat | 1 |  1.7
Spellcasting   | 1 |  1.7
Evocations     | 1 |  1.7
Conjurations   | 1 |  1.3
Hexes          | 1 |  1.3
Charms         | 1 |  1.3
Summonings     | 1 |  1.3
Necromancy     | 1 |  1.3
Translocations | 1 |  1.3
Transmutations | 1 |  1.3
Fire Magic     | 1 |  1.3
Ice Magic      | 1 |  1.3
Air Magic      | 1 |  1.3
Earth Magic    | 1 |  1.3
Poison Magic   | 1 |  1.3
Fighting       | |  6.7
Short Blades   | |  4.9
Armour         | |  6.7
Shields        | |  6.7

Action                   |  1- 3 |  4- 6 || total
-------------------------+-------+-------++-------
Melee: Rapier            |    93 |    95 ||   188
       Bite              |    10 |    13 ||    23
  Use: Scroll            |     2 |       ||     2
       Potion            |       |     1 ||     1
  Eat: Chunk             |     2 |     2 ||     4
Armor: Scale mail        |    29 |    30 ||    59
Dodge: Dodged            |    29 |    27 ||    56
Block: Kite shield       |    54 |    30 ||    84
       Buckler           |       |     9 ||     9

Table legend:
 A = Non-vault XP
 B = Vault XP
 C = Vault XP percentage of total XP
 D = Non-vault monster count
 E = Vault monster count
 F = Vault count percentage of total count
                 A         B        C        D         E       F
            +---------+---------+-------+---------+---------+-------
      Total |     327 |       0 |   0.0 |      49 |       0 |   0.0
            +---------+---------+-------+---------+---------+-------
        D:1 |      23 |       0 |   0.0 |      12 |       0 |   0.0
        D:2 |      38 |       0 |   0.0 |      13 |       0 |   0.0
        D:3 |     252 |       0 |   0.0 |      22 |       0 |   0.0
        D:4 |      14 |       0 |   0.0 |       2 |       0 |   0.0
            +---------+---------+-------+---------+---------+-------
